 Dungeon Crawl Stone Soup version 0.29.1-15-g9cfb28693d (webtiles) character file.

Game seed: 3679275105707516274

165 javelincjr the Magician (level 5, -1/40 HPs)
             Began as a Djinni Conjurer on Mar 13, 2023.
             Slain by Pargi (2 damage)
             ... on level 3 of the Dungeon.
             The game lasted 00:06:38 (3093 turns).

javelincjr the Magician (Djinni Conjurer)           Turns: 3093, Time: 00:06:39

Health: -1/40      AC: 21    Str: 14    XL:     5   Next: 74%
Gold:   91         EV:  6    Int: 20    God:
                   SH:  0    Dex: 11

rFire   + + +      SeeInvis .   w - +0 rapier
rCold   . . .      Faith    .   (no shield)
rNeg    . . .      Spirit   .   v - +10 storm dragon scales of Calculation {Rampage rElec Will+ Str+6}
rPois   ∞          Reflect  .   (no helmet)
rElec   +          Harm     .   (no cloak)
rCorr   +          Rampage  +   g - +0 pair of gloves
Will    +....                   (boots unavailable)
Stlth   ..........              (no amulet)
HPRegen 0.13/turn               o - ring of protection from fire
MPRegen 0.00/turn               (no ring)

@: resistant, flying
A: sickness immunity, fire resistance 2, cold vulnerability 1, float, innate
caster, HP casting, extra vitality 1
a: no special abilities


You were on level 3 of the Dungeon.
You visited 1 branch of the dungeon, and saw 3 of its levels.

You collected 91 gold pieces.

Inventory:

Hand Weapons
 w - a +0 rapier (weapon)
Armour
 a - a +0 robe
 g - a +0 pair of gloves (worn)
 v - the +10 storm dragon scales of Calculation (worn) {Rampage rElec Will+ Str+6}
   (You found it on level 3 of the Dungeon)

   Str:       It affects your strength (+6).
   rElec:     It insulates you from electricity.
   Rampage:   It bestows one free step when moving towards enemies.
   Will:      It increases your willpower.
Jewellery
 o - a ring of protection from fire (left hand)
 q - a ring of fire
Scrolls
 d - 2 scrolls of identify {unknown}
 f - 2 scrolls of brand weapon {unknown}
 i - a scroll of fog {unknown}
 j - a scroll of teleportation {unknown}
 l - a scroll of poison {unknown}
 p - a scroll of vulnerability {unknown}
 r - a scroll of enchant armour {unknown}
 t - a scroll of noise {unknown}
 u - a scroll of amnesia {unknown}
 x - a scroll of fear {unknown}
Potions
 c - a potion of flight
 e - 2 potions of heal wounds
 h - a potion of might {unknown}
 k - a potion of ambrosia {unknown}
 m - 3 potions of brilliance {unknown}
 n - a potion of berserk rage {unknown}
 s - a potion of degeneration {unknown}


   Skills:
 * Level 3.3 Fighting
 + Level 0.0 Armour
 + Level 3.5 Dodging
 - Level 1.5 Stealth
 + Level 3.8 Spellcasting


You couldn't memorise any spells.
You knew the following spells:

 Your Spells              Type           Power      Damage    Failure   Level
a - Magic Dart            Conj           76%        1d6       63%         1
b - Searing Ray           Conj           38%        2d5       77%         2
c - Dazzling Flash        Conj/Hex       38%        N/A       94%         3
d - Fulminant Prism       Conj/Hex       9%         3d7       100%        4
e - Iskenderun's Mystic   Conj/Tloc      19%        2d6       100%        4
f - Sting                 Tmut/Pois      76%        1d6       63%         1
g - Wereblood             Tmut           19%        N/A       77%         2
Your spell library was empty.

Dungeon Overview and Level Annotations

Branches:
Dungeon (3/15)

Altars:

Annotations:
D:3 Pargi


Innate Abilities, Weirdness & Mutations

You are immune to sickness and miasma.
You are immune to poison.
Your flesh is very heat resistant. (rF++)
You are vulnerable to cold. (rC-)
You float through the air rather than walking.
You learn spells naturally, not from books.
Your magical power is your life essence.
You have superior vitality. (+4 MHP)


Message History

Pargi bites you but does no damage. Pargi claws you but does no damage.
Pargi closely misses you.
You hit Pargi.
Pargi is heavily wounded.
Pargi bites you but does no damage. Pargi claws you but does no damage.
Pargi barely misses you.
You closely miss Pargi.
Pargi is heavily wounded.
Pargi barely misses you. x3
You barely miss Pargi.
Pargi is heavily wounded.
Pargi barely misses you. Pargi claws you.
* * * LOW HITPOINT WARNING * * *
Pargi claws you.
* * * LOW HITPOINT WARNING * * *
You barely miss Pargi.
Pargi is heavily wounded.
Pargi barely misses you. Pargi claws you but does no damage. Pargi claws you.
* * * LOW HITPOINT WARNING * * *
You closely miss Pargi.
Pargi is heavily wounded.
Pargi bites you.
* * * LOW HITPOINT WARNING * * *
Pargi claws you but does no damage. x2; Pargi bites you but does no damage.
Pargi barely misses you. Pargi claws you but does no damage.
You closely miss Pargi.
Pargi is heavily wounded.
Pargi barely misses you. Pargi claws you but does no damage.
Pargi closely misses you.
You hit Pargi.
Pargi is heavily wounded.
Pargi barely misses you. Pargi closely misses you.
Pargi claws you but does no damage.
You barely miss Pargi.
Pargi is heavily wounded.
Pargi barely misses you. Pargi claws you but does no damage. x2
You hit Pargi.
Pargi is heavily wounded.
Pargi bites you but does no damage. Pargi claws you.
You die...

#######.####
.#.........# #.#
.#####..##.# #.#
.# ##.###.# #.# .#
##..# #.# #.# .#
#..## #.# #.# .#
#.## #.# #.#
####'#####.# #T#
.........#.#####@#
.........#.......#
.........#########
.........#
.........#
.........#
.........#
#.######## ..#


You could see Pargi.

Vanquished Creatures
  Natasha (thrice) (D:2)
  3 adders (D:2)
  2 dart slugs
  2 worms (D:2)
  8 ball pythons
  4 endoplasms
  3 giant cockroaches
  3 goblins
  4 hobgoblins
  4 jackals (D:2)
  2 quokkas
  3 bats
  3 frilled lizards
  4 kobolds
  6 rats
  A spectral kobold (D:2)
55 creatures vanquished.

Vanquished Creatures (others)
  A plant (D:1)
1 creature vanquished.

Grand Total: 56 creatures vanquished

Notes
Turn   | Place    | Note
-------+----------+-------------------------------------------
     0 | D:1      | javelincjr the Djinni Conjurer began the quest for the Orb.
     0 | D:1      | javelincjr set off with the following spells memorised:
                  | Magic Dart, Searing Ray, Dazzling Flash, Fulminant Prism,
                  | Iskenderun's Mystic Blast.
     0 | D:1      | Reached XP level 1. HP: 15/15 MP: 0/0
   115 | D:1      | Reached XP level 2. HP: 9/22 MP: 0/0
   317 | D:1      | Reached skill level 1 in Fighting
  1258 | D:2      | Reached XP level 3. HP: 23/28 MP: 0/0
  1258 | D:2      | Learned a level 1 spell: Sting
  1346 | D:2      | Noticed Natasha
  1350 | D:2      | Killed Natasha
  1351 | D:2      | Reached XP level 4. HP: 25/33 MP: 0/0
  1882 | D:2      | Noticed Natasha
  1885 | D:2      | Killed Natasha
  1886 | D:2      | Reached XP level 5. HP: 18/40 MP: 0/0
  1886 | D:2      | Learned a level 2 spell: Wereblood
  2105 | D:2      | Noticed Natasha
  2114 | D:2      | Killed Natasha
  2255 | D:2      | Found a faded altar of an unknown god.
  2797 | D:3      | Identified the +10 storm dragon scales of Calculation
                  | {Rampage rElec Will+ Str+6}
  3011 | D:3      | Noticed Pargi
  3089 | D:3      | HP: 1/40 [Pargi (4)]
  3093 | D:3      | Slain by Pargi

Illustrated notes

Levels and vault maps discovered:
D:1:      kennysheep_arrival_seaside, layout_loops_cross, nrook_uturn,
          chequers_serial_rivers_marsh
D:2:      layout_rooms, dreamdust_ecumenical_altar_drowned_temple,
          kennysheep_path_1, uniq_natasha
D:3:      layout_basic, uniq_crazy_yiuf_cottage, uniq_pargi, uniq_sigmund

Skill      XL: |  1  2  3  4 |
---------------+-------------+-----
Fighting       | 1 2 3 |  3.3
Dodging        | 3 |  3.5
Stealth        | |  1.5
Spellcasting   | |  3.8

Action                   |  1- 3 |  4- 6 || total
-------------------------+-------+-------++-------
Melee: Unarmed           |     5 |       ||     5
       Rapier            |       |    87 ||    87
       Punch             |       |     1 ||     1
 Cast: Magic Dart        |    36 |    66 ||   102
       Searing Ray       |     2 |     8 ||    10
  Use: Potion            |       |     3 ||     3
Armor: Robe              |       |     4 ||     4
       Storm dragon scal |       |   190 ||   190
Dodge: Dodged            |     3 |    78 ||    81
